[Event "*** Titled Tuesday Blitz"]
[Site "Chess.com"]
[Date "2021.04.20"]
[Round "9"]
[White "GoValya"]
[Black "PotapovaM"]
[Result "0-1"]
[WhiteElo "2292"]
[BlackElo "2478"]
[TimeControl "180+1"]
[EndTime "11:42:58 PDT"]
[Termination "PotapovaM won on time"]

1. d4 Nf6 2. g3 d5 3. Bg2 e6 4. c4 dxc4 5. Nf3 a6 6. a4 Nc6 7. O-O Rb8 8. Nc3 b5 9. axb5 axb5 10. Bg5 Be7 11. Qc2 O-O 12. Rfd1 Nb4 13. Qc1 Bb7 14. Ra5 c6 15. Ra1 h6 16. Bxf6 Bxf6 17. e4 Qb6 18. e5 Be7 19. Qe3 Nd3 20. b3 c5 21.
bxc4 bxc4 22. Rdb1 Qd8 23. Ra7 Bxf3 24. Qxf3 cxd4 25.
Rxb8 Qxb8 26. Rb7 Qxe5 27. Ne2 Bc5 0-1

[Event "*** Titled Tuesday Blitz"]
[Site "Chess.com"]
[Date "2021.04.20"]
[Round "9"]
[White "Sanyura"]
[Black "ClydeHillKid"]
[Result "1-0"]
[WhiteElo "2590"]
[BlackElo "2419"]
[TimeControl "180+1"]
[EndTime "11:43:03 PDT"]
[Termination "Sanyura won by resignation"]

1. d4 d5 2. c4 e6 3. Nf3 Nf6 4. g3 Be7 5. Bg2 O-O 6. O-O dxc4 7. Ne5 Nc6 8. Nxc6 bxc6 9. Nc3 Rb8 10. Qa4 Qxd4 11.
Be3 Qe5 12. Rfd1 Rxb2 13. Bd4 Qh5 14. Qxc6 Bb7 15. Qxc7 Bxg2 16. Qxe7 Qh3 17. Bxf6 gxf6 18. Qxf6 h6 19. Rd8 Rb8 20. Rxf8+ Rxf8 21. Rd1 Bc6 22. f3 Qh5 23. Rd4 Qc5 24. Kf1 Kh7 25. Rg4 1-0

[Event "*** Titled Tuesday Blitz"]
[Site "Chess.com"]
[Date "2021.04.20"]
[Round "9"]
[White "HanSchut"]
[Black "Valeron87"]
[Result "0-1"]
[WhiteElo "2269"]
[BlackElo "2383"]
[TimeControl "180+1"]
[EndTime "11:43:06 PDT"]
[Termination "Valeron87 won by resignation"]

1. e4 c5 2. Nf3 Nc6 3. d4 cxd4 4. Nxd4 Nf6 5. Nc3 e5 6. Ndb5 d6 7. Nd5 Nxd5 8. exd5 Nb8 9. Qf3 a6 10. Qa3 b6 11. Bg5 f6 12. Be3 Bb7 13. Nc3 Nd7 14.
Qb3 Be7 15. Na4 b5 16. Nc3 O-O 17. a4 f5 18. f3 f4 19. Bf2 Bh4 20. axb5 Bxf2+ 21.
Kxf2 Qb6+ 22. Ke1 Qe3+ 23. Be2 Nc5 24. Qc4 axb5 25. Qd3 Rxa1+ 0-1

[Event "*** Titled Tuesday Blitz"]
[Site "Chess.com"]
[Date "2021.04.20"]
[Round "9"]
[White "AttractiveMustard"]
[Black "VladimirBugayev"]
[Result "1-0"]
[WhiteElo "2371"]
[BlackElo "2263"]
[TimeControl "180+1"]
[EndTime "11:43:08 PDT"]
[Termination "AttractiveMustard won by resignation"]

1. e4 c6 2. d4 d5 3. Nd2 dxe4 4. Nxe4 Nf6 5. Nxf6+ exf6 6. c3 Bd6 7. Bd3 O-O 8. Ne2 Re8 9. O-O h5 10. Bf4 g6 11. Qd2 Bg4 12. Ng3 h4 13. Bxd6 Qxd6 14. Ne4 Qd8 15. h3 Bf5 16. Rae1 Nd7 17. Nd6 Rxe1 18. Rxe1 Be6 19. Bxg6 fxg6 20. Rxe6 Nf8 21. Re8 Qxe8 22. Nxe8 Rxe8 23. Qf4 g5 24. Qxf6 1-0

[Event "*** Titled Tuesday Blitz"]
[Site "Chess.com"]
[Date "2021.04.20"]
[Round "9"]
[White "noblerone"]
[Black "Mikhail_Golubev"]
[Result "0-1"]
[WhiteElo "2391"]
[BlackElo "2568"]
[TimeControl "180+1"]
[EndTime "11:43:12 PDT"]
[Termination "Mikhail_Golubev won by resignation"]

1. d4 g6 2. Nf3 Bg7 3. Bg5 c5 4.
e3 Qb6 5. Nbd2 Qxb2 6. Rb1 Qa3 7. Bd3 cxd4 8. exd4 Qa5 9. Rb5 Qd8 10. O-O Nf6 11. c4 O-O 12. Re1 h6 13. Bh4 d6 14.
Qe2 Re8 15. h3 Nbd7 16. Ne4 Nxe4 17. Bxe4 Rb8 18. Qc2 Nf6 19. Bd3 Bd7 20. Rbb1 b6 21. a4 Rc8 22. a5 b5 23. c5 dxc5 24. dxc5 Qxa5 25. Rxe7 0-1

[Event "*** Titled Tuesday Blitz"]
[Site "Chess.com"]
[Date "2021.04.20"]
[Round "9"]
[White "GameOverBro"]
[Black "Loy_Konstantin"]
[Result "1-0"]
[WhiteElo "2526"]
[BlackElo "2380"]
[TimeControl "180+1"]
[EndTime "11:43:14 PDT"]
[Termination "GameOverBro won on time"]

1. a3 g6 2. b3 Bg7 3. Ra2 Nf6 4. c3 O-O 5. d3 c5 6. e3 Nc6 7. f3 d5 8. g4 e5 9. Rg2 e4 10. fxe4 dxe4 11. d4 cxd4 12. cxd4 Nd5 13. h4 Be6 14. h5 Qd7 15. Bc4 h6 16. hxg6 fxg6 17. Ne2 a6 18. Nbc3 Nxc3 19. Nxc3 Bxc4 20. bxc4 Qe7 21. Nd5 Qf7 22. g5 h5 23. Nf4 Rae8 24.
O-O Qxc4 25. Nxg6 Rxf1+ 26. Qxf1 Qxf1+ 27. Kxf1 Rc8 28. Rc2 Kf7 29. Nf4 h4 30. g6+ Kf6 31. d5 Ne7 32. Bb2+ 1-0

[Event "*** Titled Tuesday Blitz"]
[Site "Chess.com"]
[Date "2021.04.20"]
[Round "9"]
[White "nocnypako"]
[Black "Kretov_Evgenij"]
[Result "1-0"]
[WhiteElo "2547"]
[BlackElo "2647"]
[TimeControl "180+1"]
[EndTime "11:43:19 PDT"]
[Termination "nocnypako won by resignation"]

1. d4 Nf6 2. c4 c5 3. d5 e5 4.
Nc3 d6 5. e4 Be7 6. Nf3 O-O 7.
Be2 Ne8 8. O-O Nd7 9. Rb1 g6 10. a3 Ng7 11. b4 a5 12. bxa5 Rxa5 13. Nb5 f5 14. Nd2 Nf6 15. Bd3 f4 16. Nb3 Ra6 17.
Bd2 g5 18. f3 h5 19. Be1 Rf7 20. Kh1 Bf8 21. g3 g4 22. gxf4 exf4 23. Bh4 Qe8 24. Bxf6 Rxf6 25. Nc7 Qe5 26. Nxa6 bxa6 27. Qd2 gxf3 28.
Rxf3 Bg4 29. Rf2 f3 30. Na5 Ne8 31. Nc6 Qf4 32. Qxf4 Rxf4 33. Rb8 Kf7 34. e5 Bg7 35. e6+ Kf8 36. Bg6 1-0

[Event "*** Titled Tuesday Blitz"]
[Site "Chess.com"]
[Date "2021.04.20"]
[Round "9"]
[White "nikitakhoroshev"]
[Black "Kobalia"]
[Result "0-1"]
[WhiteElo "2635"]
[BlackElo "2780"]
[TimeControl "180+1"]
[EndTime "11:43:21 PDT"]
[Termination "Kobalia won by resignation"]

1. e4 c5 2. Nf3 e6 3. c4 Nc6 4. d4 cxd4 5. Nxd4 Nxd4 6. Qxd4 Ne7 7. Nc3 Nc6 8. Qe3 b6 9. Be2 Bc5 10. Qg3 O-O 11. O-O Kh8 12. Be3 Bb7 13. Rad1 Qe7 14. Nb5 e5 15. Bg4 Rad8 16. a3 a6 17. Nc7 Bxe3 18.
Qxe3 Nd4 19. b4 a5 20. Rb1 axb4 21. axb4 d6 22. Nd5 Bxd5 23. cxd5 Ra8 24. Rfc1 Ra2 25. g3 g6 26. Qh6 Rg8 27. h4 f5 28. Bd1 fxe4 29.
Ra1 Rb2 30. Ra3 Qf6 31. Qe3 Rf8 32. Bc2 Nxc2 0-1

[Event "*** Titled Tuesday Blitz"]
[Site "Chess.com"]
[Date "2021.04.20"]
[Round "9"]
[White "rynos0411"]
[Black "rugbyclub"]
[Result "1-0"]
[WhiteElo "2440"]
[BlackElo "2254"]
[TimeControl "180+1"]
[EndTime "11:43:21 PDT"]
[Termination "rynos0411 won by resignation"]

1. e4 e5 2. Nf3 Nc6 3. Bc4 Bc5 4. c3 Nf6 5. d4 exd4 6. e5 d5 7. Bb5 Ne4 8. cxd4 Bb6 9. Nc3 O-O 10. O-O Bg4 11. Be3 f6 12. exf6 Rxf6 13. Be2 Nxc3 14. bxc3 Re6 15. Ng5 Bxe2 16. Nxe6 Bxd1 17. Nxd8 Rxd8 18.
Raxd1 Na5 19. Bg5 Rd7 20. Rfe1 Kf7 21. Re2 Nc4 22. Rde1 Kg6 23. Re7 Rxe7 24. Bxe7 Ba5 25. Bb4 Bb6 26. Kf1 Nd2+ 27. Ke2 Ne4 28. f3 Nf6 29. Kd3 h5 30. Be7 Nd7 31. Bh4 Nb8 32. Re6+ Kf7 33. Re5 Nc6 34. Rxh5 Na5 35. Rxd5 1-0

[Event "*** Titled Tuesday Blitz"]
[Site "Chess.com"]
[Date "2021.04.20"]
[Round "9"]
[White "Keks2017"]
[Black "AniJak"]
[Result "1-0"]
[WhiteElo "2447"]
[BlackElo "2278"]
[TimeControl "180+1"]
[EndTime "11:43:24 PDT"]
[Termination "Keks2017 won by resignation"]

1. e4 c6 2. d3 d5 3. Nd2 e5 4.
Ngf3 Bg4 5. Be2 Nd7 6. c3 Ngf6 7. O-O Bd6 8. Re1 O-O 9. h3 Bh5 10. Qc2 Re8 11. Nf1 Bg6 12. Ng3 h6 13. Nh4 Nxe4 14. Nxe4 Bxe4 15. dxe4 Qxh4 16. exd5 cxd5 17. Qb3 Bc5 18. Rf1 Nb6 19. a4 Re6 20. a5 Rg6 21. Kh1 Nc4 22. Qxb7 Rf8 23. Qxd5 Bxf2 24. Qxc4 Qg3 25.
Bf3 Rd8 26. Be4 Rgd6 27. Qe2 Bc5 28. Qf3 Qxf3 29. Bxf3 f5 30. b4 1-0

[Event "*** Titled Tuesday Blitz"]
[Site "Chess.com"]
[Date "2021.04.20"]
[Round "9"]
[White "klimkoj"]
[Black "ljuks68"]
[Result "1-0"]
[WhiteElo "2621"]
[BlackElo "2462"]
[TimeControl "180+1"]
[EndTime "11:43:29 PDT"]
[Termination "klimkoj won by resignation"]

1. e4 e6 2. d4 d5 3. Nc3 Bb4 4. e5 Ne7 5. a3 Bxc3+ 6. bxc3 c5 7.
h4 Bd7 8. h5 h6 9. Qg4 Nf5 10.
Bd3 O-O 11. Bxf5 exf5 12. Qg3 Kh7 13. Nf3 Nc6 14. O-O cxd4 15. Nxd4 Nxd4 16. cxd4 Rc8 17. c3 Rc4 18. Bd2 Qa5 19. Rfb1 b6 20. Qf3 Rfc8 21. Qd3 Qa4 22. g4 f6 23. exf6 gxf6 24. Re1 Re8 25. Rxe8 Bxe8 26. Re1 Qd7 27. Qe3 Rc6 28. Qxe8 1-0

[Event "*** Titled Tuesday Blitz"]
[Site "Chess.com"]
[Date "2021.04.20"]
[Round "9"]
[White "Orest_Vovk"]
[Black "prachiti01"]
[Result "1-0"]
[WhiteElo "2466"]
[BlackElo "2243"]
[TimeControl "180+1"]
[EndTime "11:43:37 PDT"]
[Termination "Orest_Vovk won by checkmate"]

1. h3 Nf6 2. g4 d5 3. Bg2 c6 4. d4 h6 5. Nf3 e6 6. O-O Bd6 7.
Nc3 Qc7 8. Qd3 Nbd7 9. e4 dxe4 10. Nxe4 Nxe4 11. Qxe4 Nf6 12. Qe2 Nd5 13. Ne5 h5 14. c4 hxg4 15. cxd5 gxh3 16. Bf3 cxd5 17. Bf4 h2+ 18. Kh1 a6 19. Rac1 Qd8 20. Bxd5 Bxe5 21. Qxe5 Qxd5+ 22. Qxd5 exd5 23. Rc7 Bh3 24. Re1+ Kf8 25.
Kxh2 Be6+ 26. Kg2 Rc8 27. Rxe6 Rxc7 28. Bd6+ Kg8 29. Re8+ Kh7 30. Rxh8+ Kxh8 31. Bxc7 Kh7 32. Kf3 Kg6 33. Kf4 Kf6 34. Be5+ Ke6 35. Bxg7 b5 36. b4 a5 37. bxa5 b4 38. a6 b3 39. axb3 f5 40.
a7 Kf7 41. a8=Q Kg6 42. Qxd5 Kh5 43. Qxf5+ Kh4 44. Qh7# 1-0

[Event "*** Titled Tuesday Blitz"]
[Site "Chess.com"]
[Date "2021.04.20"]
[Round "9"]
[White "UnknownxArmy"]
[Black "energie73"]
[Result "0-1"]
[WhiteElo "2453"]
[BlackElo "2357"]
[TimeControl "180+1"]
[EndTime "11:43:37 PDT"]
[Termination "energie73 won by resignation"]

1. d4 e6 2. c4 d5 3. g3 dxc4 4. Nf3 c5 5. Bg2 Nc6 6. Qa4 Bd7 7. Qxc4 cxd4 8. Nxd4 Rc8 9. O-O Nxd4 10. Qxd4 Bc6 11. Qxd8+ Rxd8 12. Bxc6+ bxc6 13. Nc3 Nf6 14. Bg5 Bb4 15.
Rac1 Ke7 16. a3 Bxc3 17. Rxc3 Rd6 18. Bf4 Rd7 19. Rxc6 Rhd8 20. Kg2 Nd5 21. Bd2 Rb7 22. e4 Nf6 23. Bb4+ Ke8 24. Re1 Rd4 25. Rc8+ Kd7 26. Rf8 Kc6 27. Rc1+ Kb5 28. b3 Nxe4 29. f3 Nf6 30.
Rfc8 Nd7 31. Kf2 a5 32. Be1 Rd3 33. a4+ Kb6 34. R1c6+ Ka7 35. Bxa5 Rbxb3 36. R8c7+ Kb8 37. Kg2 Ne5 38. Rc2 Nxf3 39. Rxf7 Ne1+ 40. Kh3 Nxc2 41. Bc7+ Kc8 42. Rxg7 Rd7 43. Rg8+ Kxc7 44. Kg4 Ne3+ 0-1

[Event "*** Titled Tuesday Blitz"]
[Site "Chess.com"]
[Date "2021.04.20"]
[Round "9"]
[White "UCantHandleDenker"]
[Black "Rozhkov_V"]
[Result "1/2-1/2"]
[WhiteElo "2593"]
[BlackElo "2453"]
[TimeControl "180+1"]
[EndTime "11:43:41 PDT"]
[Termination "Game drawn by repetition"]

1. Nf3 d5 2. d3 Nf6 3. g3 e6 4. Bg2 Be7 5. O-O O-O 6. Nbd2 c5 7. e4 Nc6 8. Re1 b5 9. e5 Nd7 10. Nf1 a5 11. h4 Ba6 12. h5 b4 13. h6 g6 14.
N1h2 a4 15. a3 b3 16. c3 Rc8 17. Ng4 d4 18. c4 Bb7 19. Bf4 Rb8 20. Qc1 Rc8 21.
Bg5 Bxg5 22. Nxg5 Na5 23. Qf4 Bxg2 24. Kxg2 Nc6 25. Re2 Qe7 26. Rae1 Ra8 27. Nf6+ Nxf6 28. exf6 Qb7 29. Kg1 e5 30. Qf3 Qb6 31. g4 Rad8 32.
Ne4 Rfe8 33. Ng5 Qc7 34. Ne4 Qb6 35. Kg2 Na5 36. Ng5 Nc6 37. Kg1 Rd6 38. Ne4 Rdd8 1/2-1/2

[Event "*** Titled Tuesday Blitz"]
[Site "Chess.com"]
[Date "2021.04.20"]
[Round "9"]
[White "Alliswell998"]
[Black "C_K_G"]
[Result "1-0"]
[WhiteElo "2634"]
[BlackElo "2084"]
[TimeControl "180+1"]
[EndTime "11:43:41 PDT"]
[Termination "Alliswell998 won on time"]

1. d4 d5 2. Nf3 e6 3. Bf4 Nf6 4. e3 Bd6 5. Bxd6 Qxd6 6. c4 b6 7. Nc3 Bb7 8. Rc1 a6 9. a3 c5 10. dxc5 bxc5 11. cxd5 Nxd5 12. Ne4 Qe7 13. Nxc5 O-O 14.
Be2 Nc6 15. O-O Rfd8 16. Qc2 Rac8 17. Nxb7 Qxb7 18. Qc4 a5 19. Qa6 Qd7 20. Bb5 Nde7 21. Ne5 Qd5 22. Nxc6 Nxc6 23. Bxc6 Qd6 24. Bb7 Rxc1 25.
Rxc1 Qd1+ 26. Qf1 Qd2 27. b4 axb4 28. axb4 Qxb4 29. Bf3 Qe7 30. g3 g6 31. Kg2 h5 32.
Qe2 h4 33. Rd1 Rb8 34. Rd4 Qf6 35. Rxh4 Rb2 36. Rf4 Qc3 37. Qc4 Qxe3 38. Bg4 1-0

[Event "*** Titled Tuesday Blitz"]
[Site "Chess.com"]
[Date "2021.04.20"]
[Round "9"]
[White "Legendinunknown"]
[Black "frenchpin"]
[Result "1-0"]
[WhiteElo "2586"]
[BlackElo "2430"]
[TimeControl "180+1"]
[EndTime "11:43:45 PDT"]
[Termination "Legendinunknown won by resignation"]

1. d4 e6 2. c4 Nf6 3. Nc3 Bb4 4. f3 O-O 5. e4 Ne8 6. Bd3 b6 7.
Ne2 Ba6 8. O-O Nc6 9. Be3 Na5 10. b3 c6 11. a3 Be7 12. f4 d5 13. cxd5 Bxd3 14.
Qxd3 cxd5 15. exd5 exd5 16. Rab1 Rc8 17. f5 Nf6 18.
Bg5 Re8 19. Nf4 Rxc3 20. Qxc3 Ne4 21. Bxe7 Nxc3 22. Bxd8 Nxb1 23. Bxb6 axb6 24. Rxb1 Rd8 25. b4 Nc4 26. a4 g5 27. Nd3 Ra8 28. Ra1 f6 29.
Kf2 Kf7 30. b5 Ke7 31. Re1+ Kd7 32. Nb4 Rxa4 33. Nxd5 Ra2+ 34. Re2 Rxe2+ 35. Kxe2 Nd6 36. Nxb6+ Kd8 37. Nd5 Nxf5 38. Kd3 Nd6 39. Nxf6 Nxb5 40. Nxh7 g4 41. Nf6 g3 42. h4 Ke7 43. Ne4 1-0

[Event "*** Titled Tuesday Blitz"]
[Site "Chess.com"]
[Date "2021.04.20"]
[Round "9"]
[White "Raud100"]
[Black "maxip32"]
[Result "1-0"]
[WhiteElo "2392"]
[BlackElo "2510"]
[TimeControl "180+1"]
[EndTime "11:43:47 PDT"]
[Termination "Raud100 won on time"]

1. d4 Nf6 2. c4 g6 3. Nc3 Bg7 4. e4 d6 5. Be2 O-O 6. Bg5 Na6 7. Qd2 c6 8. Nf3 e5 9. d5 Nc5 10. Qc2 h6 11. Be3 Nfd7 12. O-O-O Qe7 13. Qd2 f5 14. dxc6 bxc6 15. Qxd6 Qxd6 16. Rxd6 Kh7 17. Rxc6 Bb7 18. Rxc5 Nxc5 19. Bxc5 Rfc8 20. Bd6 fxe4 21. Nd2 e3 22. fxe3 Bxg2 23. Rg1 Bh3 24. Bd3 Bf5 25. e4 Be6 26. c5 Bf6 27. Nc4 Bxc4 28. Bxc4 Bg5+ 29. Kc2 Be3 30. Rf1 Bf4 31. h3 Rd8 32. Nd5 Rac8 33. Kd3 g5 34. b4 a5 35. b5 1-0

[Event "*** Titled Tuesday Blitz"]
[Site "Chess.com"]
[Date "2021.04.20"]
[Round "9"]
[White "Andrakhanova"]
[Black "Vandros57"]
[Result "0-1"]
[WhiteElo "2290"]
[BlackElo "2197"]
[TimeControl "180+1"]
[EndTime "11:43:48 PDT"]
[Termination "Vandros57 won by checkmate"]

1. c4 c6 2. e4 e5 3. Nc3 d6 4. Nge2 Be7 5. g3 h5 6. h4 Nf6 7.
Bg2 Bg4 8. d4 exd4 9. Qxd4 c5 10. Qd1 Nc6 11. Be3 O-O 12. Qd2 Ne5 13. b3 Nf3+ 14. Bxf3 Bxf3 15. Rg1 Bxe4 16. O-O-O Bf3 17. Rde1 a6 18. Nf4 b5 19. cxb5 axb5 20. Nxb5 Ne4 21. Qc2 Qa5 22. a4 Bf6 23. Nd5 Rfb8 24. Nxf6+ Nxf6 25. Bd2 Qb6 26. Nc3 Qxb3 27. Qxb3 Rxb3 28. Kc2 Rb4 29.
Nb5 Rbxa4 30. Nxd6 Ra2+ 31. Kb3 Bd5+ 32. Nc4 R8a3# 0-1

[Event "*** Titled Tuesday Blitz"]
[Site "Chess.com"]
[Date "2021.04.20"]
[Round "9"]
[White "Aygehovit1992"]
[Black "AldokhinIvan"]
[Result "0-1"]
[WhiteElo "2661"]
[BlackElo "2548"]
[TimeControl "180+1"]
[EndTime "11:43:49 PDT"]
[Termination "AldokhinIvan won by resignation"]

1. Nf3 Nf6 2. b3 g6 3. Bb2 Bg7 4. g3 O-O 5. Bg2 d6 6. d4 Nc6 7. O-O Bf5 8. d5 Nb4 9. Nd4 Be4 10. c4 Bxg2 11. Kxg2 Qd7 12. Nc3 e5 13. Nf3 e4 14.
Nd4 a5 15. h3 h5 16. a3 Na6 17. e3 Nc5 18. Qe2 Rae8 19. b4 axb4 20. axb4 Na6 21. Ra4 Nh7 22. h4 Nf6 23. Rxa6 bxa6 24. Nc6 Ng4 25. Ra1 Qf5 26. Rxa6 g5 27. hxg5 Qxg5 28.
Qc2 h4 29. Ne2 h3+ 30. Kxh3 Qh5+ 0-1

[Event "*** Titled Tuesday Blitz"]
[Site "Chess.com"]
[Date "2021.04.20"]
[Round "9"]
[White "Grandelicious"]
[Black "ckgchess"]
[Result "1-0"]
[WhiteElo "2817"]
[BlackElo "2694"]
[TimeControl "180+1"]
[EndTime "11:43:50 PDT"]
[Termination "Grandelicious won by resignation"]

1. d4 g6 2. e4 Bg7 3. Nf3 d6 4. Bc4 a6 5. Bb3 e6 6. O-O Nf6 7. Re1 O-O 8. Nbd2 b5 9. Nf1 Bb7 10.
Ng3 c5 11. c3 h6 12. h3 Nc6 13. Bf4 Re8 14. Qd2 Kh7 15. Rad1 cxd4 16. cxd4 Rc8 17. d5 Na5 18. dxe6 Nxb3 19. axb3 Rxe6 20. e5 Nd5 21. exd6 Nxf4 22. Qxf4 Rf6 23. Qb4 Bxf3 24.
gxf3 a5 25. Qd2 Rxf3 26. d7 Ra8 27. Re8 Qb6 28. Kg2 Rxf2+ 29. Qxf2 Qc6+ 30. Qf3 1-0

[Event "*** Titled Tuesday Blitz"]
[Site "Chess.com"]
[Date "2021.04.20"]
[Round "9"]
[White "2008king"]
[Black "Guzman70"]
[Result "1/2-1/2"]
[WhiteElo "2135"]
[BlackElo "2286"]
[TimeControl "180+1"]
[EndTime "11:43:53 PDT"]
[Termination "Game drawn - insufficient material"]

1. e4 c6 2. d4 d5 3. exd5 cxd5 4. c4 Nf6 5. Nc3 g6 6. Nf3 Bg7 7. cxd5 O-O 8. Bc4 a6 9. a4 Nbd7 10. O-O Nb6 11. Bb3 Nbxd5 12. Bg5 Be6 13. Re1 Rc8 14.
Rc1 Nxc3 15. bxc3 Bxb3 16. Qxb3 h6 17. Bf4 Nd5 18. Be5 Bxe5 19. Nxe5 e6 20. c4 Nf4 21. Qe3 Qg5 22. g3 Nh3+ 23. Kg2 Qxe3 24. Rxe3 Ng5 25. f4 Nh7 26. Rd3 Rfd8 27. Kf3 b5 28. axb5 axb5 29.
c5 Nf6 30. Rb1 Nd7 31. Nxd7 Rxd7 32. Rxb5 Kg7 33. Ke4 Kf6 34. g4 h5 35. h3 hxg4 36. hxg4 g5 37. Rf3 gxf4 38. Rxf4+ Kg5 39. Rb1 Rxd4+ 40.
Kxd4 Kxf4 41. Rf1+ Kxg4 42. Rxf7 e5+ 43. Kd5 e4 44.
Re7 Kf3 45. Rf7+ Ke2 46. c6 e3 47. Kd6 Kd2 48. Kd7 Ra8 49. c7 e2 50. Re7 e1=Q 51. Rxe1 Kxe1 52. c8=Q Rxc8 53. Kxc8 1/2-1/2

[Event "*** Titled Tuesday Blitz"]
[Site "Chess.com"]
[Date "2021.04.20"]
[Round "9"]
[White "alejogarcia1999"]
[Black "LamaChampetre"]
[Result "1-0"]
[WhiteElo "2465"]
[BlackElo "2219"]
[TimeControl "180+1"]
[EndTime "11:43:54 PDT"]
[Termination "alejogarcia1999 won on time"]

1. d4 Nf6 2. c4 g6 3. Nc3 d5 4.
cxd5 Nxd5 5. e4 Nxc3 6. bxc3 Bg7 7. Bc4 c5 8. Ne2 O-O 9. O-O Nc6 10. Be3 Bg4 11. f3 Bd7 12. h4 h5 13. Qd2 Qc7 14. Nf4 e6 15. Rac1 Qa5 16. d5 Ne5 17. Bb3 c4 18.
Bc2 Rfe8 19. Bd4 Rad8 20. Qf2 exd5 21. Nxd5 Bc6 22. Nb4 a6 23. Bb6 Qb5 24. a4 Nd3 25. Bxd3 Qe5 26. Bxc4 Rc8 27. Nxc6 Rxc6 28. Bd5 Rxc3 29.
Rxc3 Qxc3 30. a5 Rc8 31. Kh1 Rb8 32. Qg3 Be5 33. Qxg6+ 1-0

[Event "*** Titled Tuesday Blitz"]
[Site "Chess.com"]
[Date "2021.04.20"]
[Round "9"]
[White "McCarthyStone"]
[Black "AshotParvanyan"]
[Result "0-1"]
[WhiteElo "2381"]
[BlackElo "2530"]
[TimeControl "180+1"]
[EndTime "11:43:55 PDT"]
[Termination "AshotParvanyan won by resignation"]

1. e4 e6 2. d3 d5 3. Nd2 Nf6 4.
Ngf3 b6 5. g3 dxe4 6. dxe4 Bb7 7. e5 Ne4 8. Bg2 Bc5 9. O-O Nxd2 10. Bxd2 O-O 11. Re1 Nc6 12. Bg5 Qxd1 13. Raxd1 h6 14. Be3 Bxe3 15. Rxe3 Nb4 16. a3 Nxc2 17. Rc3 Rad8 18.
Rc1 Bxf3 19. Bxf3 Nd4 20. Be4 Ne2+ 21. Kg2 Nxc1 22. Rxc1 c5 23. Rc2 Rd4 24. Kf3 Rfd8 25. Ke3 Rd1 26. b4 cxb4 27. axb4 g6 28. Rc7 R8d7 29.
Rc8+ Kg7 30. b5 Re1+ 31. Kf4 Rd4 32. f3 Rb1 33. Rc7 Ra4 34. g4 Rxb5 35. Kg3 Rxe5 36. Bc6 Rc5 37. Rxa7 Rxa7 0-1

[Event "*** Titled Tuesday Blitz"]
[Site "Chess.com"]
[Date "2021.04.20"]
[Round "9"]
[White "topin8"]
[Black "jannat65"]
[Result "1-0"]
[WhiteElo "2205"]
[BlackElo "2020"]
[TimeControl "180+1"]
[EndTime "11:43:56 PDT"]
[Termination "topin8 won by resignation"]

1. e4 c6 2. Nf3 d5 3. Nc3 dxe4 4.
Nxe4 Bg4 5. d4 Bxf3 6. Qxf3 Qxd4 7. Bd3 Qd8 8. O-O Nd7 9. Re1 e6 10. Bf4 Nc5 11. Rad1 Nxe4 12. Bxe4 Qb6 13. Be3 Bc5 14. Qg3 Kf8 15. Rd7 Nf6 16. Bxc5+ Qxc5 17. Rxb7 Nxe4 18.
Rxe4 Qxc2 19. Re1 Qg6 20. Qc7 Re8 21. Qd6+ Kg8 22. Rb8 f6 23. Qxe6+ 1-0

[Event "*** Titled Tuesday Blitz"]
[Site "Chess.com"]
[Date "2021.04.20"]
[Round "9"]
[White "AthanasiusLefebvre"]
[Black "poppy73"]
[Result "1-0"]
[WhiteElo "2055"]
[BlackElo "2185"]
[TimeControl "180+1"]
[EndTime "11:44:00 PDT"]
[Termination "AthanasiusLefebvre won by resignation"]

1. Nf3 Nf6 2. g3 g6 3. Bg2 Bg7 4. O-O O-O 5. d3 d6 6. c4 e5 7.
Nc3 Nc6 8. Rb1 Be6 9. b4 Nd7 10. Ng5 Rb8 11. Nxe6 fxe6 12. b5 Nd4 13. e3 Nf5 14.
Qa4 Nc5 15. Qc2 a6 16. a4 axb5 17. Nxb5 c6 18. Nc3 d5 19. Ba3 Nd7 20. Bxf8 Bxf8 21. cxd5 exd5 22. Qa2 Kh8 23. a5 d4 24. exd4 Nxd4 25.
a6 bxa6 26. Qxa6 Rxb1 27. Rxb1 Nc5 28. Qa7 Qd6 29. Ne4 Nce6 30. Nxd6 1-0

[Event "*** Titled Tuesday Blitz"]
[Site "Chess.com"]
[Date "2021.04.20"]
[Round "9"]
[White "CrushingKings"]
[Black "Kildepiotr"]
[Result "0-1"]
[WhiteElo "2505"]
[BlackElo "2643"]
[TimeControl "180+1"]
[EndTime "11:44:03 PDT"]
[Termination "Kildepiotr won on time"]

1. e4 g6 2. d4 Bg7 3. Nc3 c6 4.
Nf3 d6 5. Be3 Nf6 6. h3 O-O 7.
Be2 Nbd7 8. O-O Qc7 9. a4 e5 10.
dxe5 dxe5 11. Qb1 a5 12. Qa2 Nh5 13. Rad1 Nf4 14. Bc4 Nb6 15. Bc5 Nxc4 16. Bxf8 Be6 17. Bxg7 Nd2 18. Rxd2 Bxa2 19. Bxe5 Qb6 20. Nxa2 Ne6 21.
Rfd1 Re8 22. Nc3 Rd8 23. Rxd8+ Nxd8 24. Bf6 Ne6 25. Ng5 h6 26. Nxe6 fxe6 27. Ne2 Qb4 28. e5 Qxb2 29. Rd8+ Kf7 30. Rd7+ Kf8 31. Kh2 Qxc2 32.
Nf4 Qf5 33. g3 g5 34. Nd3 b5 35. axb5 cxb5 36. g4 Qf3 37. Kg1 Qxh3 38. Nc5 Qxg4+ 39.
Kh2 a4 0-1

[Event "*** Titled Tuesday Blitz"]
[Site "Chess.com"]
[Date "2021.04.20"]
[Round "9"]
[White "hansen"]
[Black "Sashadav97"]
[Result "0-1"]
[WhiteElo "2807"]
[BlackElo "2658"]
[TimeControl "180+1"]
[EndTime "11:44:05 PDT"]
[Termination "Sashadav97 won on time"]

1. e4 c5 2. Nf3 e6 3. d4 cxd4 4. Nxd4 Nf6 5. Nc3 Nc6 6. Ndb5 Bc5 7. Bf4 O-O 8. Bc7 Qe7 9. Bd6 Bxd6 10. Qxd6 Qd8 11.
Qc7 d5 12. exd5 exd5 13. Qxd8 Rxd8 14. O-O-O d4 15. Nb1 Ne4 16. f3 Nf2 17. Bd3 Nxh1 18. Rxh1 a6 19. N5a3 Be6 20. b3 Nb4 21. Rd1 Nxa2+ 22.
Kb2 Nb4 23. Be4 Rab8 24. f4 f5 25. Bf3 b5 26. Nd2 Rbc8 27. Nf1 g6 28. Ng3 Kf7 29. Rd2 Rd7 30. Nh1 Rcd8 31. Nf2 Bd5 32. Nh3 h6 33.
Bxd5+ Rxd5 34. Nf2 Re8 0-1

[Event "*** Titled Tuesday Blitz"]
[Site "Chess.com"]
[Date "2021.04.20"]
[Round "9"]
[White "DarZay"]
[Black "DKmirl"]
[Result "1-0"]
[WhiteElo "2182"]
[BlackElo "1887"]
[TimeControl "180+1"]
[EndTime "11:44:05 PDT"]
[Termination "DarZay won on time"]

1. e4 c5 2. Nc3 Nc6 3. f4 g6 4. Nf3 Bg7 5. e5 d6 6. Bb5 a6 7. Bxc6+ bxc6 8. d4 dxe5 9. dxe5 Qxd1+ 10. Nxd1 Bf5 11.
Ne3 Nh6 12. O-O O-O 13. h3 Be4 14. b3 Nf5 15. Nxf5 Bxf5 16. Rf2 Rfd8 17. Bb2 Rd5 18. g4 Be4 19. Ng5 f5 20. exf6 Rxg5 21. fxg5 exf6 22. gxf6 Bh6 23. Re1 Bd5 24. c4 Bf7 25. h4 Bf8 26.
Rd2 h6 27. Rd7 a5 28. Rc7 a4 29. Rd1 axb3 30. a3 Re8 31. Rdd7 1-0

[Event "*** Titled Tuesday Blitz"]
[Site "Chess.com"]
[Date "2021.04.20"]
[Round "9"]
[White "korbul"]
[Black "crazy_but_lazy"]
[Result "1-0"]
[WhiteElo "2587"]
[BlackElo "2437"]
[TimeControl "180+1"]
[EndTime "11:44:06 PDT"]
[Termination "korbul won by resignation"]

1. e4 c6 2. Nf3 d5 3. Nc3 Bg4 4.
h3 Bxf3 5. Qxf3 e6 6. d3 Nd7 7. g3 g6 8. Bg2 Bg7 9. O-O Ne7 10. Qe2 O-O 11. h4 h5 12. Bg5 Re8 13. a3 Qb6 14. Rab1 d4 15. Nd1 c5 16. f3 Rac8 17. Nf2 Qc6 18. g4 hxg4 19. fxg4 Ne5 20. Bf4 c4 21. h5 cxd3 22. cxd3 Qc2 23. Rfe1 Qxe2 24.
Rxe2 N7c6 25. Rc2 Kh7 26. Rbc1 gxh5 27. gxh5 Bh6 28. Bxh6 Kxh6 29. Rc5 Rg8 30. Kf1 Rcf8 31. b4 a6 32. a4 Rg5 33. b5 axb5 34. axb5 Nb4 35.
Nh3 Rxh5 36. Nf4 Rg5 37. Ke2 Ng4 38. Rh1+ Kg7 39. Rxg5+ Kf6 1-0